 Dungeon Crawl Stone Soup version 0.24.0-123-gd5b16e6ec5 (webtiles) character file.

Game seed: 14276694856073648954, levelgen mode: deterministic

10862 Norian the Thaumaturge (level 11, -3/60 HPs)
             Began as a Deep Elf Conjurer on Dec 18, 2019.
             Was a Believer of Vehumet.
             Slain by a cyan ugly thing (14 damage)
             ... on level 12 of the Dungeon.
             The game lasted 00:45:54 (12530 turns).

Norian the Thaumaturge (Deep Elf Conjurer)         Turns: 12530, Time: 00:45:55

Health: -3/60      AC: 10    Str:  8    XL:     11   Next: 41%
Magic:  3/28       EV: 17    Int: 21    God:    Vehumet [**....]
Gold:   306        SH:  0    Dex: 19    Spells: 21/33 levels left

rFire    . . .     SeeInvis +   x - +2 short sword (venom)
rCold    . . .     Gourm    .   (no shield)
rNeg     + . .     Faith    .   V - +1 robe of Sin {rN+ MR+ Dex+4}
rPois    +         Spirit   .   D - +1 helmet {SInv}
rElec    .         Reflect  .   w - +0 cloak {MR+}
rCorr    .         Harm     .   (no gloves)
MR       +++..                  (no boots)
Stlth    +++.......             P - amulet of regeneration
HPRegen  0.60/turn              g - +4 ring of protection
MPRegen  0.21/turn              G - ring of poison resistance

@: hasted, very quick
A: no striking features
a: Renounce Religion


You were on level 12 of the Dungeon.
You worshipped Vehumet.
Vehumet was pleased with you.
You were not hungry.

You visited 2 branches of the dungeon, and saw 13 of its levels.

You collected 699 gold pieces.
You spent 393 gold pieces at shops.

Inventory:

Hand Weapons
 a - a +4 quarterstaff of chaos
 s - a +2 halberd of venom
 x - a +2 short sword of venom (weapon)
 L - a +0 flail of protection
Armour
 r - a +0 leather armour of fire resistance
 w - a +0 cloak of magic resistance (worn)
 y - a +2 robe of positive energy
 D - a +1 helmet of see invisible (worn)
 Q - a +0 troll leather armour
 U - a +0 robe of cold resistance
 V - the +1 robe of Sin (worn) {rN+ MR+ Dex+4}
   (You bought it in a shop on level 11 of the Dungeon)

   It affects your dexterity (+4).
   It protects you from negative energy.
   It affects your resistance to hostile enchantments.
Jewellery
 e - an uncursed ring of flight
 g - a +4 ring of protection (left hand)
 l - an uncursed ring of protection from magic
 C - an uncursed ring of see invisible {unknown}
 G - a ring of poison resistance (right hand)
 P - an amulet of regeneration (around neck)
 S - an uncursed amulet of harm {unknown}
Wands
 i - a wand of paralysis (11)
 A - a wand of digging (12)
 F - a wand of polymorph (11)
 I - a wand of iceblast (6)
 M - a wand of enslavement (6)
 T - a wand of scattershot (6)
Scrolls
 d - 13 scrolls of identify
 o - 6 scrolls of amnesia
 p - 4 scrolls of teleportation
 q - 3 scrolls of enchant armour {unknown}
 u - 2 scrolls of enchant weapon {unknown}
 v - 2 scrolls of immolation {unknown}
 z - 3 scrolls of random uselessness {unknown}
 B - 6 scrolls of remove curse
 K - a scroll of blinking {unknown}
 N - 2 scrolls of noise {unknown}
 O - 2 scrolls of magic mapping {unknown}
Potions
 b - a potion of invisibility {unknown}
 f - a potion of degeneration {unknown}
 h - a potion of resistance {unknown}
 j - 2 potions of lignification {unknown}
 k - a potion of magic {unknown}
 m - 3 potions of curing {unknown}
 t - 3 potions of might {unknown}
 E - 3 potions of heal wounds {unknown}
 H - 2 potions of flight {unknown}
 J - 2 potions of cancellation {unknown}
 R - 3 potions of mutation {unknown}
 W - a potion of brilliance {unknown}
Comestibles
 c - 22 rations


   Skills:
 + Level 3.7 Fighting
 - Level 4.0 Short Blades
 + Level 3.4 Armour
 + Level 6.1 Dodging
 + Level 2.9 Stealth
 - Level 11.5 Spellcasting
 - Level 11.0 Conjurations
 - Level 3.2 Hexes
 - Level 6.0 Summonings
 - Level 7.2 Ice Magic
 + Level 1.0 Evocations


You had 21 spell levels left.
You knew the following spells:

 Your Spells              Type           Power        Failure   Level  Hunger
b - Iskenderun's Mystic   Conj           ######..     1%          4    #......
c - Fulminant Prism       Conj/Hex       #####.....   3%          4    #......
d - Summon Ice Beast      Ice/Summ       #####...     3%          4    #......

Your spell library contained the following spells:

 Spells                   Type           Power        Failure   Level  Hunger
 Sting                    Conj/Pois      ####         1%          1    None
 Freeze                   Ice            ####         1%          1    None
 Magic Dart               Conj           ####         1%          1    None
 Searing Ray              Conj           ######       1%          2    None
 Throw Frost              Conj/Ice       ######       1%          2    None
 Dazzling Spray           Conj/Hex       #####.       1%          3    None
 Throw Icicle             Conj/Ice       ######..     1%          4    #......
 Ozocubu's Armour         Chrm/Ice       ####....     3%          3    None
 Force Lance              Conj/Tloc      #####...     6%          4    #......


Dungeon Overview and Level Annotations

Branches:
Dungeon (12/15)            Temple (1/1) D:7            Lair (0/6) D:9
    Orc (0/2) D:12

Altars:
Ashenzari
Cheibriados
Dithmenos
Elyvilon
Fedhas
Gozag
Hepliaklqana
Kikubaaqudgha
Makhleb
Nemelex Xobeh
Okawaru
Qazlal
Ru
Sif Muna
Trog
Uskayaw
Vehumet
Wu Jian
Xom
Yredelemnul
Zin
The Shining One

Shops:
D:11 *


Message History

The cyan ugly thing misses you.
Casting: Iskenderun's Mystic Blast (safe; 1% risk of failure)
Confirm with . or Enter, or press ? or * to list all spells.
You don't have enough magic to cast that spell.
Unknown command.
Found a stone staircase leading down.
Casting: Iskenderun's Mystic Blast (safe; 1% risk of failure)
Confirm with . or Enter, or press ? or * to list all spells.
Okay, then.
You hit the cyan ugly thing.
The cyan ugly thing looks as sick as possible!
The cyan ugly thing is severely wounded.
The cyan ugly thing misses you.
You hit the cyan ugly thing.
The cyan ugly thing looks as sick as possible!
The cyan ugly thing is severely wounded.
The cyan ugly thing pecks you!
* * * LOW HITPOINT WARNING * * *
The cyan ugly thing shocks you!
You die...

#.##..##....).#...
#.##..##......# ..
#.##..##).##..# ##
#.##..##..##..# #.
#.##..##..# ..#
#..#####.##......#
..#
.........##......#
.................#
...####.@........#
#.u.#......#
#...#......#
#...#........
#...#.........
>...#.......#.
.....#.......#
###...#.......#
#...#


You could see a cyan ugly thing.

Vanquished Creatures
  Josephine (D:11)
  3 two-headed ogres
  Psyche (D:8)
  3 trolls
  A hornet (D:10)
  2 hippogriffs
  Sigmund (D:4)
  8 wraiths
  A steam dragon (D:10)
  Menkaure (D:4)
  2 hungry ghosts
  Duvessa (D:4)
  3 orc warriors
  A black bear (D:11)
  3 ice beasts
  A sky beast (D:5)
  2 phantoms
  2 necrophages
  4 ogres
  5 bullfrogs
  A gnoll sergeant (D:10)
  Dowan (D:4)
  A wyvern skeleton (D:6)
  A water moccasin skeleton (D:11)
  5 scorpions
  4 killer bees
  4 howler monkeys
  11 wights
  5 crimson imps
  A bullfrog zombie (D:5)
  3 centaur zombies
  A quasit (D:10)
  Crazy Yiuf (D:4)
  4 human zombies (D:7)
  6 orc priests
  A gnoll shaman (D:9)
  3 hounds
  2 jellies
  7 orc wizards
  A centaur skeleton (D:5)
  Natasha (thrice) (D:4)
  A human skeleton (D:7)
  4 iguanas
  5 worker ants
  2 hound skeletons
  18 gnolls
  10 adders
  An adder skeleton (D:6)
  A worm (D:2)
  A dart slug (D:1)
  7 leopard geckos
  24 orcs
  A ball python (D:5)
  8 bats
  4 giant cockroaches
  7 goblins
  9 hobgoblins
  3 jackals (D:5)
  4 kobolds
  3 quokkas
  7 frilled lizards
  A giant cockroach zombie (D:6)
  A jackal skeleton (D:9)
  A leopard gecko skeleton (D:5)
  An orc zombie (D:7)
  2 quokka skeletons
  A quokka zombie (D:6)
  11 rats
250 creatures vanquished.

Vanquished Creatures (collateral kills)
  3 centaurs (D:11)
3 creatures vanquished.

Vanquished Creatures (others)
  45 fulminant prisms
45 creatures vanquished.

Grand Total: 298 creatures vanquished

Notes
Turn   | Place    | Note
-------+----------+-------------------------------------------
     0 | D:1      | Norian the Deep Elf Conjurer began the quest for the Orb.
     0 | D:1      | Reached XP level 1. HP: 10/10 MP: 6/6
   270 | D:1      | Reached XP level 2. HP: 15/15 MP: 0/8
   868 | D:1      | Reached skill level 5 in Conjurations
   868 | D:1      | Reached XP level 3. HP: 19/19 MP: 4/10
  1424 | D:2      | Reached XP level 4. HP: 24/24 MP: 7/12
  1430 | D:2      | Learned a level 4 spell: Iskenderun's Mystic Blast
  1487 | D:2      | Found a glowing golden altar of the Shining One.
  1866 | D:3      | Noticed Natasha
  2206 | D:3      | Learned a level 4 spell: Fulminant Prism
  2277 | D:3      | Reached skill level 5 in Spellcasting
  2337 | D:4      | Killed Natasha
  2443 | D:4      | Reached XP level 5. HP: 25/28 MP: 8/15
  3313 | D:4      | Reached XP level 6. HP: 29/32 MP: 15/17
  3446 | D:4      | Noticed Duvessa
  3453 | D:4      | Noticed Dowan
  3676 | D:4      | Noticed Menkaure
  3681 | D:4      | Killed Menkaure
  3706 | D:4      | Noticed Natasha
  3709 | D:4      | Killed Natasha
  3709 | D:4      | Reached XP level 7. HP: 36/36 MP: 1/19
  3794 | D:4      | Killed Duvessa
  3800 | D:4      | Killed Dowan
  3802 | D:4      | Noticed Natasha
  3816 | D:4      | Killed Natasha
  4109 | D:4      | Noticed Sigmund
  4117 | D:4      | Killed Sigmund
  4148 | D:4      | Found a runed translucent door.
  4148 | D:4      | Noticed Crazy Yiuf
  4185 | D:4      | Killed Crazy Yiuf
  4225 | D:5      | Entered Level 5 of the Dungeon
  4271 | D:5      | Noticed a two-headed ogre
  4355 | D:4      | Learned a level 4 spell: Summon Ice Beast
  4448 | D:5      | Reached XP level 8. HP: 34/41 MP: 15/22
  4454 | D:5      | Reached skill level 1 in Ice Magic
  4554 | D:5      | Killed a two-headed ogre
  4790 | D:5      | Reached skill level 10 in Spellcasting
  4864 | D:5      | Reached skill level 1 in Summonings
  5017 | D:5      | Reached XP level 9. HP: 45/45 MP: 21/25
  5644 | D:6      | Reached skill level 5 in Ice Magic
  6205 | D:7      | Reached skill level 10 in Conjurations
  7470 | D:7      | Found a basalt altar of Yredelemnul.
  7536 | D:7      | Reached XP level 10. HP: 50/50 MP: 4/26
  7745 | D:7      | Found a staircase to the Ecumenical Temple.
  7750 | D:7      | Reached skill level 5 in Summonings
  7794 | Temple   | Entered the Ecumenical Temple
  7828 | Temple   | Became a worshipper of Vehumet
  8418 | D:8      | Noticed a centaur warrior
  8505 | D:8      | Noticed Psyche
  8534 | D:8      | Killed Psyche
  9039 | D:8      | Reached * piety under Vehumet
  9039 | D:8      | Offered knowledge of Sandblast by Vehumet.
  9423 | D:9      | Found a staircase to the Lair.
  9562 | D:9      | Found a glowing silver altar of Zin.
  9652 | D:9      | Found a white marble altar of Elyvilon.
 10218 | D:10     | Entered Level 10 of the Dungeon
 10244 | D:10     | Reached skill level 1 in Fighting
 10512 | D:10     | Noticed a two-headed ogre
 10516 | D:10     | Killed a two-headed ogre
 10516 | D:10     | Reached skill level 1 in Short Blades
 10516 | D:10     | Reached skill level 1 in Armour
 11278 | D:11     | Noticed a two-headed ogre
 11411 | D:11     | Reached XP level 11. HP: 58/58 MP: 19/28
 11434 | D:11     | Reached ** piety under Vehumet
 11608 | D:11     | Offered knowledge of Sting by Vehumet.
 11615 | D:11     | Killed a two-headed ogre
 11615 | D:11     | Reached skill level 5 in Dodging
 11969 | D:11     | Noticed Josephine
 11974 | D:11     | Killed Josephine
 12040 | D:11     | Found Ifirag's Assorted Antiques.
 12053 | D:11     | Bought a fine dagger for 217 gold pieces
 12053 | D:11     | Bought a fabulously ornate robe for 176 gold pieces
 12055 | D:11     | Identified the cursed +1 dagger "Wujum" {distort, rPois
                  | Int-3 Dex+8 Stlth+} (You bought it in a shop on level 11 of
                  | the Dungeon)
 12066 | D:11     | Identified the +1 robe of Sin {rN+ MR+ Dex+4} (You bought
                  | it in a shop on level 11 of the Dungeon)
 12497 | D:12     | Found a staircase to the Orcish Mines.
 12505 | D:12     | Noticed a cyan ugly thing
 12509 | D:12     | Reached skill level 1 in Evocations
 12530 | D:12     | Slain by a cyan ugly thing

Levels and vault maps discovered:
D:1:      lightli_arrival_boilingwater, layout_basic, serial_bayou_lagoon_a
D:2:      layout_loops_corners, grunt_ministairs_3, tso_altar
D:3:      layout_basic, uniq_natasha
D:4:      layout_cave_pools, uniq_menkaure, uniq_duvessa,
          uniq_crazy_yiuf_cottage, uniq_sigmund
D:5:      wad_river_or_something, layout_rooms, first_ration
D:6:      layout_rooms
D:7:      layout_basic, lemuel_mausoleum_altar_yredelemnul, temple_green
D:8:      layout_cave_pods, grunt_ogre_cave, onia_ninara_dug_in_and_dangerous,
          uniq_psyche
D:9:      layout_loops_ring, zin_statuary, elyvilon_altar_3, dpeg_oklobed_lair
D:10:     layout_loops_ring, minmay_door_square
D:11:     layout_cave_pools, serial_shops, shop, uniq_josephine
D:12:     layout_long_grid, david_orc_3, portal_ice_cave_entry_imps,
          xom_redecorated, uniq_urug, uniq_erolcha, uniq_rupert
Temple:   compressed_dpeg_circular_temple

Skill      XL: |  1  2  3  4  5  6  7  8  9 10 11 |
---------------+----------------------------------+-----
Spellcasting   | 4 5 6 7 8 10 11 | 11.5
Conjurations   | 5 6 7 8 9 10 11 | 11.0
Hexes          | 2 3 |  3.2
Ice Magic      | 4 6 7 |  7.2
Summonings     | 1 4 6 |  6.0
Dodging        | 4 6 |  6.1
Fighting       | 2 3 |  3.7
Short Blades   | 2 4 |  4.0
Armour         | 2 3 |  3.4
Evocations     | 1 |  1.0
Stealth        | |  2.9

Action                   |  1- 3 |  4- 6 |  7- 9 | 10-12 || total
-------------------------+-------+-------+-------+-------++-------
Melee: Unarmed           |    10 |     5 |       |       ||    15
       Halberd           |       |     9 |    80 |    16 ||   105
       Short sword       |       |       |       |    26 ||    26
 Cast: Magic Dart        |    73 |    91 |   166 |   170 ||   500
       Iskenderun's Myst |       |     8 |    38 |    88 ||   134
       Fulminant Prism   |       |     3 |    24 |    18 ||    45
       Summon Ice Beast  |       |       |     2 |     5 ||     7
  Use: Scroll            |       |     1 |     2 |     3 ||     6
       Potion            |       |       |     1 |     1 ||     2
  Eat: Chunk             |     1 |     8 |    12 |    11 ||    32
       Ration            |       |       |     1 |     2 ||     3
Armor: Robe              |     1 |     6 |    58 |    37 ||   102
Dodge: Dodged            |    14 |    20 |   113 |    80 ||   227
